[Event "18th Chefchaouen Open 2019"]
[Site "Chefchaouen"]
[Date "2019.07.15"]
[Round "1.4"]
[White "Karkazi, Aziz"]
[Black "Karpatchev, Aleksandr"]
[Result "0-1"]
[ECO "C60"]
[WhiteElo "1855"]
[BlackElo "2445"]
[Annotator "RC"]
[PlyCount "102"]
[EventDate "2019.07.15"]
[EventType "swiss"]
[EventCountry "MAR"]
[SourceTitle "playchess.com"]
[Source "ChessBase"]
[SourceQuality "1"]
[TimeControl "5400+30"]

1. e4 e5 2. Nf3 Nc6 3. Bb5 g6 4. c3 a6 5. Ba4 Bg7 6. O-O Nge7 7. d4 exd4 8. cxd4 b5 9. Bb3 Na5 10. Bc2 d6 11. h3 O-O 12. b3 c5 13. Bg5 Nac6 14. Be3 Qb6 15. dxc5 dxc5 16. Nbd2 Nd4 17. Bxd4 cxd4 18. Bd3 Bb7 19. Re1 Rac8 20. Rc1 Qa5 21. a4 Rxc1 22. Qxc1 Rc8 23. Qa3 Bf8 24. Qd6 Nc6 25. Qf4 Nb4 26. Bb1 d3 27. e5 Nd5 28. Qg4 Bb4 29. e6 f5 30. Qg5 Be7 31. Qh6 Qc3 32. Ng5 Qg7 33. Qxg7+ Kxg7 34. Ngf3 Nf4 35. axb5 axb5 36. Re5 Ne2+ 37. Kh2 Bd6 38. Bxd3 Bxf3 39. Nxf3 Nd4 40. Nxd4 Bxe5+ 41. f4 Bxd4 42. Bxb5 Kf6 43. Bc4 Ra8 44. g4 h6 45. Kg3 Ra1 46. g5+ hxg5 47. fxg5+ Kxg5 48. h4+ Kf6 49. b4 Ra4 50. e7 Kxe7 51. Kf4 Kf6 0-1

[Event "18th Chefchaouen Open 2019"]
[Site "Chefchaouen"]
[Date "2019.07.16"]
[Round "2.5"]
[White "Roudi, Adnan"]
[Black "Buscara, Sevan"]
[Result "0-1"]
[ECO "A16"]
[WhiteElo "1941"]
[BlackElo "2404"]
[Annotator "RC"]
[PlyCount "68"]
[EventDate "2019.07.15"]
[EventType "swiss"]
[EventCountry "MAR"]
[SourceTitle "playchess.com"]
[Source "ChessBase"]
[SourceQuality "1"]
[TimeControl "5400+30"]

1. c4 Nf6 2. Nc3 g6 3. g3 d5 4. cxd5 Nxd5 5. Bg2 Nb6 6. d3 Bg7 7. Nf3 Nc6 8. Be3 h6 9. Qd2 e5 10. O-O Nd4 11. Ne1 Nf5 12. Bc5 Nc4 13. Qc1 Ncd6 14. f4 exf4 15. Qxf4 O-O 16. e4 Nd4 17. Qf2 Ne6 18. Be3 Ng5 19. Qd2 f5 20. Nf3 Nxf3+ 21. Rxf3 Kh7 22. Re1 Re8 23. Rff1 fxe4 24. Nxe4 Nf5 25. Bf2 Nd4 26. Nc3 Rxe1 27. Rxe1 Bf5 28. Bxb7 c6 29. Bxd4 Qxd4+ 30. Kg2 Rb8 31. Bxc6 Qb6 32. Be4 Qxb2 33. Qxb2 Rxb2+ 34. Kf3 Bxc3 0-1

[Event "18th Chefchaouen Open 2019"]
[Site "Chefchaouen"]
[Date "2019.07.16"]
[Round "3.2"]
[White "Salaka, Youssef"]
[Black "Levin, Evgeny A."]
[Result "1-0"]
[ECO "B51"]
[WhiteElo "2105"]
[BlackElo "2504"]
[Annotator "ChessBase"]
[PlyCount "39"]
[EventDate "2019.07.15"]
[EventType "swiss"]
[EventCountry "MAR"]
[SourceTitle "playchess.com"]
[Source "ChessBase"]
[SourceQuality "1"]
[TimeControl "5400+30"]

1. e4 c5 2. Nf3 d6 3. Bb5+ Nd7 4. O-O a6 5. Bxd7+ Bxd7 6. Re1 Nf6 7. c3 Bg4 8. h3 Bh5 9. d3 e6 10. Nbd2 Be7 11. a4 O-O 12. Nf1 Nd7 13. Ng3 Bg6 14. a5 Qc7 15. d4 cxd4 16. cxd4 b6 17. Bd2 Rfb8 18. Re3 bxa5 19. Bxa5 Qb7 20. Rc3 1-0

[Event "18th Chefchaouen Open 2019"]
[Site "Chefchaouen"]
[Date "2019.07.16"]
[Round "3.5"]
[White "Chorfi, Khaled"]
[Black "Duzhakov, Ilya"]
[Result "0-1"]
[ECO "A13"]
[WhiteElo "2065"]
[BlackElo "2383"]
[Annotator "RC"]
[PlyCount "98"]
[EventDate "2019.07.15"]
[EventType "swiss"]
[EventCountry "MAR"]
[SourceTitle "playchess.com"]
[Source "ChessBase"]
[SourceQuality "1"]
[TimeControl "5400+30"]

1. c4 Nf6 2. g3 e6 3. Bg2 d5 4. Nf3 Be7 5. b3 c5 6. Bb2 d4 7. d3 Nc6 8. Nbd2 O-O 9. O-O e5 10. a3 h6 11. Ne1 Bf5 12. Ne4 Qd7 13. Nxf6+ Bxf6 14. e4 dxe3 15. fxe3 Rad8 16. e4 Bg4 17. Bf3 Bh3 18. Bg2 Be6 19. Kh1 Bg5 20. Qe2 Rde8 21. b4 cxb4 22. axb4 Nxb4 23. Rxa7 Ra8 24. Rxa8 Rxa8 25. Bc3 Ra2 26. Qd1 Nc6 27. Qb1 Ra8 28. Qb2 f6 29. Qf2 Bc1 30. Nf3 Ba3 31. Qc2 Bc5 32. Ne1 b6 33. h4 Ra6 34. Nf3 Qa7 35. Rb1 Qd7 36. Kh2 Ra8 37. Qe2 Rd8 38. Ne1 Ra8 39. Qb2 Kh7 40. Qe2 Ra3 41. Rc1 Bd4 42. Bd2 Ra2 43. Rc2 Bg1+ 44. Kxg1 Nd4 45. Qd1 Nxc2 46. Qb1 Qd4+ 47. Kh2 Nxe1 48. Bxe1 Ra1 49. Qb4 Qe3 0-1

[Event "18th Chefchaouen Open 2019"]
[Site "Chefchaouen"]
[Date "2019.07.16"]
[Round "3.6"]
[White "Gorbatov, Alexej"]
[Black "Alami, Halim"]
[Result "*"]
[ECO "B01"]
[WhiteElo "2374"]
[BlackElo "2041"]
[Annotator "ChessBase"]
[PlyCount "47"]
[EventDate "2019.07.15"]
[EventType "swiss"]
[EventCountry "MAR"]
[SourceTitle "playchess.com"]
[Source "ChessBase"]
[SourceQuality "1"]
[TimeControl "5400+30"]

1. e4 d5 2. exd5 Qxd5 3. Nc3 Qa5 4. Bc4 Nf6 5. h3 Bf5 6. Nf3 e6 7. O-O Be7 8. d3 c6 9. Bd2 Qc7 10. Nd4 O-O 11. Nxf5 exf5 12. Qf3 g6 13. Rae1 Kg7 14. Bg5 h6 15. Bxh6+ Kxh6 16. Qe3+ Kg7 17. Qxe7 Qxe7 18. Re3 Qe6 19. Rxe6 Nbd7 20. Re7 Rad8 21. a3 Ng8 22. Rfe1 Ngf6 23. R7e2 Rfe8 24. Ba2 *

[Event "18th Chefchaouen Open 2019"]
[Site "Chefchaouen"]
[Date "2019.07.16"]
[Round "3.6"]
[White "Gorbatov, Alexej"]
[Black "Alami, Halim"]
[Result "1-0"]
[ECO "B01"]
[WhiteElo "2374"]
[BlackElo "2041"]
[Annotator "RC"]
[PlyCount "109"]
[EventDate "2019.07.15"]
[EventType "swiss"]
[EventCountry "MAR"]
[SourceTitle "playchess.com"]
[Source "ChessBase"]
[SourceQuality "1"]
[TimeControl "5400+30"]

1. e4 d5 2. exd5 Qxd5 3. Nc3 Qa5 4. Bc4 Nf6 5. h3 Bf5 6. Nf3 e6 7. O-O Be7 8. d3 c6 9. Bd2 Qc7 10. Nd4 O-O 11. Nxf5 exf5 12. Qf3 g6 13. Rae1 Kg7 14. Bg5 h6 15. Bxh6+ Kxh6 16. Qe3+ Kg7 17. Qxe7 Qxe7 18. Rxe7 Nbd7 19. a3 Rad8 20. Rfe1 Ng8 21. R7e2 Ngf6 22. Ba2 Rfe8 23. Rxe8 Rxe8 24. Rxe8 Nxe8 25. f4 Nd6 26. Kf2 Kh6 27. Ke3 Kg7 28. b4 Kf6 29. Bb3 Ke7 30. Nb1 Kd8 31. Nd2 b6 32. Nf3 f6 33. Nd4 c5 34. Nc6+ Kc7 35. Ne7 Nf8 36. bxc5 bxc5 37. Nd5+ Kd8 38. Nxf6 Nb5 39. a4 Nd4 40. Kd2 Ke7 41. Nd5+ Kd6 42. Ne3 Ke7 43. Bc4 Kf6 44. c3 Nde6 45. Nd5+ Kg7 46. Ke3 g5 47. fxg5 Ng6 48. g3 Nxg5 49. Nf4 Ne5 50. Bd5 Kf6 51. d4 Nd7 52. a5 cxd4+ 53. Kxd4 Ke7 54. h4 Nf7 55. Ng6+ 1-0

[Event "18th Chefchaouen Open 2019"]
[Site "Chefchaouen"]
[Date "2019.07.17"]
[Round "5.1"]
[White "Korneev, Oleg"]
[Black "Duzhakov, Ilya"]
[Result "1/2-1/2"]
[ECO "B90"]
[WhiteElo "2523"]
[BlackElo "2383"]
[Annotator "ChessBase"]
[PlyCount "92"]
[EventDate "2019.07.15"]
[EventType "swiss"]
[EventCountry "MAR"]
[SourceTitle "playchess.com"]
[Source "ChessBase"]
[SourceQuality "1"]
[TimeControl "5400+30"]

1. e4 c5 2. Nf3 d6 3. d4 cxd4 4. Nxd4 Nf6 5. Nc3 a6 6. f3 e5 7. Nb3 Be6 8. Be3 Be7 9. Qd2 O-O 10. O-O-O Nbd7 11. g4 b5 12. Kb1 b4 13. Nd5 Bxd5 14. exd5 Nb6 15. Na5 Nbxd5 16. Nc6 Qc7 17. Nxe7+ Qxe7 18. Bg5 Qc7 19. Bd3 Rab8 20. Ka1 Rb6 21. h4 a5 22. h5 a4 23. Bxf6 Nxf6 24. g5 Ne8 25. Be4 f5 26. Bd5+ Kh8 27. h6 g6 28. f4 Qc5 29. b3 Nc7 30. bxa4 Nxd5 31. Qxd5 Qxc2 32. Rc1 Qe4 33. Qxe4 fxe4 34. fxe5 dxe5 35. Rhe1 Ra6 36. Rxe4 Rxa4 37. Rc7 Raa8 38. Rxb4 Rac8 39. Rxc8 Rxc8 40. a4 Kg8 41. Rb7 Ra8 42. Kb2 Rxa4 43. Rg7+ Kh8 44. Re7 Ra8 45. Kc3 Rd8 46. Rxe5 Kg8 1/2-1/2

[Event "18th Chefchaouen Open 2019"]
[Site "Chefchaouen"]
[Date "2019.07.17"]
[Round "5.4"]
[White "ouaziz ismail"]
[Black "Karpatchev, Aleksandr"]
[Result "0-1"]
[ECO "C55"]
[WhiteElo "2011"]
[BlackElo "2445"]
[Annotator "NA"]
[PlyCount "97"]
[EventDate "2019.07.15"]
[EventType "swiss"]
[EventCountry "MAR"]
[SourceTitle "playchess.com"]
[Source "ChessBase"]
[SourceQuality "1"]
[TimeControl "5400+30"]

1. e4 e5 2. Nf3 Nc6 3. Bc4 Nf6 4. d3 h6 5. O-O d6 6. a4 g5 7. c3 Bg7 8. Re1 O-O 9. Nbd2 g4 10. Nh4 Nxe4 11. dxe4 Qxh4 12. Nf1 Ne7 13. Be3 Qf6 14. Qd2 Qg6 15. Ng3 Kh8 16. a5 a6 17. b4 h5 18. Bd3 h4 19. Bg5 hxg3 20. Bxe7 Bh6 21. Qc2 gxh2+ 22. Kh1 Rg8 23. Bh4 Qh5 24. g3 Kg7 25. c4 Bg5 26. Bxg5 Qxg5 27. b5 Be6 28. c5 Qf6 29. Qe2 axb5 30. cxd6 cxd6 31. Bxb5 Rgc8 32. Bd3 Rc3 33. Reb1 Rac8 34. Rf1 Qf3+ 35. Qxf3 gxf3 36. Rfd1 Bh3 37. Bf1 Bxf1 38. Rxf1 Kf6 39. Rab1 R8c7 40. Rb6 Rd3 41. Kxh2 Kg5 42. Rfb1 Rd2 43. Kg1 Rcc2 44. Rf1 f5 45. exf5 e4 46. Rxb7 e3 47. a6 e2 48. Re1 Rd1 49. Rb1 0-1

[Event "18th Chefchaouen Open 2019"]
[Site "Chefchaouen"]
[Date "2019.07.17"]
[Round "5.6"]
[White "Benaino, Samir"]
[Black "Gorbatov, Alexej"]
[Result "1/2-1/2"]
[ECO "D02"]
[WhiteElo "2063"]
[BlackElo "2374"]
[Annotator "NA"]
[PlyCount "108"]
[EventDate "2019.07.15"]
[EventType "swiss"]
[EventCountry "MAR"]
[SourceTitle "playchess.com"]
[Source "ChessBase"]
[SourceQuality "1"]
[TimeControl "5400+30"]

1. d4 c5 2. e3 d5 3. Nf3 Nc6 4. b3 cxd4 5. exd4 Bg4 6. Bb2 e6 7. a3 Bd6 8. Nbd2 Nge7 9. Bd3 Rc8 10. O-O Bf4 11. h3 Bh5 12. Qe1 Bxd2 13. Nxd2 Bg6 14. Bxg6 hxg6 15. Nf3 Nf5 16. c4 O-O 17. c5 Nh4 18. Qe3 Nxf3+ 19. Qxf3 Qh4 20. Rad1 Rfd8 21. Rfe1 b6 22. b4 bxc5 23. dxc5 Qc4 24. Qe2 Qxe2 25. Rxe2 a6 26. f4 Rb8 27. Be5 Rb7 28. Rb2 g5 29. Rdb1 gxf4 30. Bxf4 e5 31. Bg3 Rdb8 32. a4 Rxb4 33. Bxe5 Rxb2 34. Rxb2 Rxb2 35. Bxb2 f6 36. Kf2 Kf7 37. Ke3 Ke6 38. g4 g5 39. Bc3 Ne5 40. Kd4 Nf3+ 41. Ke3 Ng1 42. c6 Kd6 43. Bxf6 Nxh3 44. Kf3 Kxc6 45. Kg3 Nf4 46. Bxg5 Ne6 47. Bd2 d4 48. g5 Kd5 49. Kg4 Ke4 50. g6 Ke5 51. Bh6 Kf6 52. g7 Kf7 53. Kf5 Nc5 54. Ke5 Ke8 1/2-1/2

[Event "18th Chefchaouen Open 2019"]
[Site "Chefchaouen"]
[Date "2019.07.18"]
[Round "6.4"]
[White "Karpatchev, Aleksandr"]
[Black "Akhrof, Lissandine"]
[Result "0-1"]
[ECO "C51"]
[WhiteElo "2445"]
[BlackElo "2153"]
[Annotator "NA"]
[PlyCount "80"]
[EventDate "2019.07.15"]
[EventType "swiss"]
[EventCountry "MAR"]
[SourceTitle "playchess.com"]
[Source "ChessBase"]
[SourceQuality "1"]
[TimeControl "5400+30"]

1. e4 e5 2. Bc4 Nc6 3. Nf3 Bc5 4. b4 Bxb4 5. c3 Be7 6. d4 Na5 7. Be2 d6 {[%emt 0:01:12] C51: Evans Gambit: Declined and Accepted without 5...Ba5} 8. Qa4+ c6 9. dxe5 dxe5 10. Nxe5 Nf6 11. O-O O-O 12. Bf4 b5 13. Qc2 Be6 14. Nd2 {[%emt 0:06:00] [#]} Bd6 $146 ({Predecessor:} 14... Nd7 15. Nef3 {½-½ (52) Pruijssers,R (2484)-Kazhgaleyev,M (2637) Wijk aan Zee 2011}) 15. Bg3 Qc7 16. f4 Rad8 17. Rad1 Rfe8 18. Kh1 Bc8 19. h3 a6 20. Bf3 c5 21. Nb3 Nc4 22. Nxc4 $1 bxc4 23. e5 cxb3 24. axb3 Be7 25. exf6 Bxf6 26. Rxd8 $11 Qxd8 27. Re1 Rxe1+ 28. Bxe1 g6 29. g4 Be6 30. Kg2 Qb8 31. Qf2 Qxf4 32. Bd2 Qd6 33. c4 Bh4 34. Qxh4 Qxd2+ 35. Qf2 Qxf2+ 36. Kxf2 Kg7 37. Ke3 Kf6 38. h4 h6 39. Kf4 g5+ 40. hxg5+ hxg5+ 0-1

[Event "18th Chefchaouen Open 2019"]
[Site "Chefchaouen"]
[Date "2019.07.19"]
[Round "7.5"]
[White "Buscara, Sevan"]
[Black "Benaddi, Mouhcine"]
[Result "1/2-1/2"]
[ECO "A07"]
[WhiteElo "2404"]
[BlackElo "2111"]
[Annotator "ChessBase"]
[PlyCount "85"]
[EventDate "2019.07.15"]
[EventType "swiss"]
[EventCountry "MAR"]
[SourceTitle "playchess.com"]
[Source "ChessBase"]
[SourceQuality "1"]
[TimeControl "5400+30"]

1. g3 d5 2. Bg2 Nf6 3. Nf3 Bf5 4. d3 e6 5. O-O Be7 6. c4 Nbd7 7. Nh4 Bg4 8. h3 Bh5 9. cxd5 Nxd5 10. Nf3 O-O 11. Nbd2 c6 12. Qc2 h6 13. a3 Qc7 14. b4 a5 15. e4 N5b6 16. b5 Rfc8 17. Rb1 cxb5 18. Qxc7 Rxc7 19. Rxb5 Rc5 20. Rb1 Rc3 21. Bb2 Rxd3 22. g4 Bg6 23. Bd4 Bd8 24. Rfc1 Rxa3 25. Bf1 Rxf3 26. Nxf3 Bxe4 27. Rb3 a4 28. Re3 Bc6 29. Ra1 Nd5 30. Rb3 Ra5 31. Rbb1 f6 32. Nd2 e5 33. Bb2 Be7 34. Nc4 Ra8 35. Ba3 Nc5 36. Nb6 Nxb6 37. Rxb6 Kf8 38. Bb5 Nd7 39. Rxc6 bxc6 40. Bxc6 Ra7 41. Bxd7 Rxd7 42. Bxe7+ Kxe7 43. Rxa4 1/2-1/2

[Event "18th Chefchaouen Open 2019"]
[Site "Chefchaouen"]
[Date "2019.07.19"]
[Round "7.6"]
[White "Fellousi, Abdelaziz"]
[Black "Duzhakov, Ilya"]
[Result "0-1"]
[ECO "C01"]
[WhiteElo "2100"]
[BlackElo "2383"]
[Annotator "ChessBase"]
[PlyCount "92"]
[EventDate "2019.07.15"]
[EventType "swiss"]
[EventCountry "MAR"]
[SourceTitle "playchess.com"]
[Source "ChessBase"]
[SourceQuality "1"]
[TimeControl "5400+30"]

1. e4 e6 2. d4 d5 3. Nc3 Bb4 4. exd5 exd5 5. Bd3 c6 6. Nge2 Nf6 7. O-O O-O 8. a3 Bd6 9. h3 Re8 10. Bg5 h6 11. Bh4 Nbd7 12. Qd2 Nf8 13. Bg3 Ne4 14. Bxe4 dxe4 15. d5 Bxg3 16. Nxg3 cxd5 17. Qxd5 Qxd5 18. Nxd5 Re5 19. Rad1 Bd7 20. Rfe1 Rae8 21. Rd4 f5 22. Ne2 Rc8 23. Nec3 Bc6 24. Nb4 Rc5 25. Red1 Kf7 26. Nxc6 R8xc6 27. Kf1 a5 28. g4 g6 29. gxf5 gxf5 30. Rd6 Ke7 31. Rxc6 bxc6 32. Ke2 Ne6 33. Ke3 Rc4 34. f4 exf3 35. Kxf3 Ng5+ 36. Kg2 h5 37. Rd3 h4 38. Rd2 f4 39. Nd1 f3+ 40. Kh2 Ne4 41. b3 Nxd2 42. bxc4 Nxc4 43. a4 Ke6 44. Kg1 Ke5 45. Kf2 Kf4 46. Nc3 Nd6 0-1

[Event "18th Chefchaouen Open 2019"]
[Site "Chefchaouen"]
[Date "2019.07.20"]
[Round "8.2"]
[White "Flom, Gabriel"]
[Black "Buscara, Sevan"]
[Result "0-1"]
[ECO "D17"]
[WhiteElo "2494"]
[BlackElo "2404"]
[Annotator "ChessBase"]
[PlyCount "228"]
[EventDate "2019.07.15"]
[EventType "swiss"]
[EventCountry "MAR"]
[SourceTitle "playchess.com"]
[Source "ChessBase"]
[SourceQuality "1"]
[TimeControl "5400+30"]

1. d4 d5 2. c4 c6 3. Nc3 Nf6 4. Nf3 dxc4 5. a4 Bf5 6. Ne5 Nbd7 7. Nxc4 Nb6 8. Ne5 a5 9. e3 g6 10. Bd3 Be6 11. Be2 Bg7 12. e4 O-O 13. Be3 Ne8 14. O-O Nd6 15. f4 Ndc4 16. Nxc4 Bxc4 17. b3 Bxe2 18. Nxe2 f5 19. e5 Nd5 20. Bd2 e6 21. Qc2 Rf7 22. Qc4 Bf8 23. Rac1 Rd7 24. Rf3 Kh8 25. Be1 Be7 26. h3 g5 27. fxg5 Bxg5 28. Rb1 Rg7 29. Nc3 Nxc3 30. Bxc3 Qd7 31. b4 axb4 32. Rxb4 Bd8 33. Rb2 Qd5 34. Qxd5 cxd5 35. a5 Bxa5 36. Bxa5 Rxa5 37. Rfb3 Ra7 38. Rb6 Re7 39. Kf2 Kg7 40. R2b5 Kf7 41. Kf3 Ra3+ 42. Kf4 Rd3 43. Rxb7 Rxd4+ 44. Kg5 h6+ 45. Kxh6 Re4 46. Rxe7+ Kxe7 47. Rb7+ Kd8 48. Kg6 Rxe5 49. h4 Re2 50. g4 fxg4 51. h5 Rh2 52. Rb3 Rh3 53. Rb1 Ke7 54. h6 d4 55. h7 Kd6 56. Rb6+ Kd7 57. Kg7 g3 58. Kh8 g2 59. Rb7+ Kd6 60. Rg7 e5 61. Rxg2 e4 62. Kg7 e3 63. Rg6+ Kd5 64. Rh6 Rxh6 65. Kxh6 e2 66. h8=Q e1=Q 67. Qa8+ Kc4 68. Qa6+ Kb3 69. Qb5+ Qb4 70. Qd3+ Qc3 71. Qb5+ Kc2 72. Qa4+ Kc1 73. Qa7 d3 74. Qg1+ Kb2 75. Qb6+ Qb3 76. Qd4+ Qc3 77. Qb6+ Kc2 78. Qg6 Qc5 79. Kh7 Qd5 80. Kh8 Kc3 81. Qg3 Kc4 82. Qc7+ Kd4 83. Qf4+ Qe4 84. Qd6+ Ke3 85. Qg3+ Qf3 86. Qe1+ Qe2 87. Qg3+ Ke4 88. Qh4+ Ke3 89. Qg5+ Kf2 90. Qf4+ Kg1 91. Qd4+ Kg2 92. Qd5+ Qf3 93. Qg5+ Kh3 94. Qh6+ Kg3 95. Qg5+ Kh2 96. Qd2+ Kh1 97. Qh6+ Kg1 98. Qg5+ Kf1 99. Qc1+ Ke2 100. Qc4 Qh5+ 101. Kg8 Ke3 102. Qe6+ Kd4 103. Qb6+ Qc5 104. Qf6+ Qe5 105. Qb6+ Ke4 106. Qb4+ Kf5 107. Qb1 Kf6 108. Qf1+ Qf5 109. Qa1+ Kg6 110. Qg1+ Qg5 111. Qd4 d2 112. Qd6+ Kf5+ 113. Kf7 Qh5+ 114. Kg7 d1=Q 0-1

[Event "18th Chefchaouen Open 2019"]
[Site "Chefchaouen"]
[Date "2019.07.20"]
[Round "8.3"]
[White "Ameir, Moheb"]
[Black "Akhrof, Lissandine"]
[Result "1-0"]
[ECO "C56"]
[WhiteElo "2328"]
[BlackElo "2153"]
[Annotator "NA"]
[PlyCount "59"]
[EventDate "2019.07.15"]
[EventType "swiss"]
[EventCountry "MAR"]
[SourceTitle "playchess.com"]
[Source "ChessBase"]
[SourceQuality "1"]
[TimeControl "5400+30"]

1. e4 e5 2. Nf3 Nc6 3. d4 exd4 4. Bc4 Nf6 5. e5 d5 6. Bb5 Ne4 7. Nxd4 Bd7 8. Bxc6 bxc6 9. O-O Bc5 10. f3 Ng5 11. f4 Ne4 12. Be3 Qe7 {[%emt 0:01:07] C56: Two Knights: 4 d4 exd4 5 0-0 Nxe4} 13. Nd2 f5 14. Nxe4 fxe4 15. Qd2 Bb6 16. Nb3 g5 17. Qc3 O-O 18. fxg5 Qxg5 19. Nc5 Qe7 20. Rf6 $146 ({Predecessor:} 20. Bd4 Bf5 21. Rf2 Bg6 {½-½ (60) Bibko,I (2310)-Obukhov,A (2485) Novosibirsk 2002}) 20... Rxf6 21. exf6 Qd6 {[%emt 0:00:39] [#]} 22. Rf1 $1 Kf7 $18 (22... Be8 {is more resistant.} 23. b4 Bf7) 23. Nxd7 Qxd7 24. Bxb6 cxb6 25. Qe5 Rf8 26. Rf4 Kg8 27. Qg5+ Kf7 28. Qg7+ Ke8 29. f7+ Ke7 30. Qf6# 1-0

[Event "18th Chefchaouen Open 2019"]
[Site "Chefchaouen"]
[Date "2019.07.20"]
[Round "8.4"]
[White "Karpatchev, Aleksandr"]
[Black "Elomari, Anas"]
[Result "1-0"]
[ECO "B02"]
[WhiteElo "2445"]
[BlackElo "2122"]
[Annotator "NA"]
[PlyCount "77"]
[EventDate "2019.07.15"]
[EventType "swiss"]
[EventCountry "MAR"]
[SourceTitle "playchess.com"]
[Source "ChessBase"]
[SourceQuality "1"]
[TimeControl "5400+30"]

1. e4 Nf6 2. e5 Nd5 3. c4 Nb6 4. c5 Nd5 5. Nc3 Nxc3 6. dxc3 Nc6 7. Bf4 {[%emt 0:05:27] B02: Alekhine's Defence: Chase Variation and lines with early Nc3} b6 8. Bc4 $146 ({Predecessor:} 8. cxb6 axb6 9. Bc4 e6 10. Qg4 g5 11. Qxg5 Qxg5 12. Bxg5 Rg8 13. Bf6 Rxg2 14. Nh3 Bb7 {0-1 (33) Navarro Segura,R (2292)-Almeida Quintana,O (2473) Merida 2001}) 8... Bb7 9. Nf3 e6 10. Qe2 Be7 11. h4 h6 12. h5 bxc5 13. Rh3 Qb8 14. Rg3 Bf8 15. Bd3 a5 16. Rd1 Qa7 17. Bb5 a4 18. Qd3 O-O-O 19. a3 Nb8 $16 (19... Qa5 $11) 20. Qc2 Bc6 21. Bxc6 Nxc6 22. Rg4 d5 23. Be3 Qb7 24. Qxa4 Nb8 25. b4 Qa6 26. Qc2 c4 27. a4 Nd7 28. a5 c6 29. Rb1 Kc7 30. Rf4 f6 31. Nd4 Re8 32. b5 cxb5 33. Nxb5+ Kd8 34. Bb6+ Nxb6 35. axb6 Qxb6 36. Nd6 Qc7 37. Qa4 Bxd6 38. exd6 Qxd6 39. Rb7 1-0

[Event "18th Chefchaouen Open 2019"]
[Site "Chefchaouen"]
[Date "2019.07.20"]
[Round "8.6"]
[White "Benaddi, Mouhcine"]
[Black "Gorbatov, Alexej"]
[Result "0-1"]
[ECO "A46"]
[WhiteElo "2111"]
[BlackElo "2374"]
[Annotator "NA"]
[PlyCount "99"]
[EventDate "2019.07.15"]
[EventType "swiss"]
[EventCountry "MAR"]
[SourceTitle "playchess.com"]
[Source "ChessBase"]
[SourceQuality "1"]
[TimeControl "5400+30"]

1. d4 Nf6 2. Nf3 e6 3. g3 b5 4. Bg2 Bb7 5. O-O c5 6. c3 Na6 7. Bg5 Be7 8. Qd3 {[%emt 0:03:33] A46: 1 d4 Nf6 2 Nf3 e6: Torre, London and Colle Systems} (8. e3 O-O 9. Nbd2 h6 10. Bxf6 Bxf6 11. Qe2 Qb6 12. a4 b4 13. a5 Qc7 14. Rfc1 bxc3 15. bxc3 Rfc8 16. Ne1 Bxg2 17. Kxg2 {1-0 (55) Georgiev,K (2623)-Fedorchuk,S (2648) Riadh 2017}) 8... Qb6 9. Nbd2 d5 10. Ne5 cxd4 11. Qxd4 $146 ({Predecessor:} 11. cxd4 Nb4 12. Qb3 Nc6 13. Ndf3 h6 14. Bf4 Na5 15. Qd3 Nc4 {1-0 (41) Kempter,R (2248)-Smirnov,A (2444) Bad Wiessee 2011}) 11... Nc5 12. Nd3 Ncd7 13. a4 Qxd4 14. cxd4 b4 15. Rfe1 Rc8 16. Rac1 O-O 17. e3 Bc6 18. b3 Bb7 19. Ne5 $11 Nb8 20. e4 h6 21. exd5 Bxd5 22. Bxf6 gxf6 23. Bxd5 fxe5 24. Bb7 Rxc1 25. Rxc1 exd4 26. f4 Rd8 27. Rc7 Bd6 28. Rc4 Nd7 29. Kf1 d3 30. Ne4 Be7 31. Rd4 f5 32. Nd2 Nc5 33. Rxd8+ Bxd8 34. Bc6 Bf6 35. Bb5 Bc3 36. Nb1 d2 37. Ke2 Nxb3 38. Bc4 Nc5 39. Nxd2 Bxd2 40. Kxd2 Kf7 41. a5 Kf6 42. Ke3 e5 43. fxe5+ Kxe5 44. Bf7 Nb7 45. a6 Nc5 46. Bc4 b3 47. Kd2 Kd4 48. Bf1 Ne4+ 49. Kc1 Kc3 50. Bg2 0-1

[Event "18th Chefchaouen Open 2019"]
[Site "Chefchaouen"]
[Date "2019.07.21"]
[Round "9.2"]
[White "Gorbatov, Alexej"]
[Black "Levin, Evgeny A."]
[Result "1/2-1/2"]
[ECO "C01"]
[WhiteElo "2374"]
[BlackElo "2504"]
[Annotator "ChessBase"]
[PlyCount "28"]
[EventDate "2019.07.15"]
[EventType "swiss"]
[EventCountry "MAR"]
[SourceTitle "playchess.com"]
[Source "ChessBase"]
[SourceQuality "1"]
[TimeControl "5400+30"]

1. e4 e6 2. d4 d5 3. Nc3 Nf6 4. exd5 exd5 5. Bg5 Be7 6. Bd3 Nc6 7. Nge2 O-O 8. a3 Bg4 9. Qd2 Bxe2 10. Bxe2 Nd7 11. Bf4 Nf6 12. Bg5 Nd7 13. Bf4 Nf6 14. Bg5 Nd7 1/2-1/2

[Event "18th Chefchaouen Open 2019"]
[Site "Chefchaouen"]
[Date "2019.07.21"]
[Round "9.4"]
[White "Djuric, Stefan"]
[Black "Duzhakov, Ilya"]
[Result "1/2-1/2"]
[ECO "D71"]
[WhiteElo "2368"]
[BlackElo "2383"]
[Annotator "NA"]
[PlyCount "41"]
[EventDate "2019.07.15"]
[EventType "swiss"]
[EventCountry "MAR"]
[SourceTitle "playchess.com"]
[Source "ChessBase"]
[SourceQuality "1"]
[TimeControl "5400+30"]

1. d4 Nf6 2. c4 g6 3. g3 c6 4. Nc3 d5 5. cxd5 cxd5 6. Nh3 Bg7 7. Nf4 O-O 8. Bg2 Nc6 9. O-O e6 10. e3 b6 11. Rb1 a5 12. Re1 Ba6 13. a3 Rc8 14. Nd3 Ne8 15. Na4 Nd6 16. Bf1 Bb5 17. Nc3 Ba6 18. Na4 Bb5 19. Nc3 Ba6 20. Na4 Ra8 21. Ra1 1/2-1/2

[Event "18th Chefchaouen Open 2019"]
[Site "Chefchaouen"]
[Date "2019.07.21"]
[Round "9.6"]
[White "Ashraf, Shereif"]
[Black "Chennaoui, Yasin"]
[Result "1-0"]
[ECO "A55"]
[WhiteElo "2292"]
[BlackElo "2092"]
[Annotator "NA"]
[PlyCount "77"]
[EventDate "2019.07.15"]
[EventType "swiss"]
[EventCountry "MAR"]
[SourceTitle "playchess.com"]
[Source "ChessBase"]
[SourceQuality "1"]
[TimeControl "5400+30"]

1. d4 d6 2. Nf3 Nf6 3. c4 Nbd7 4. Nc3 e5 5. g3 Be7 6. Bg2 O-O 7. O-O c6 8. e4 Re8 9. h3 Bf8 10. Qc2 a6 11. a4 a5 12. Be3 Qc7 13. Rad1 b6 14. Rfe1 Ba6 15. Bf1 Bb7 16. d5 Rac8 17. Nd2 cxd5 18. cxd5 Nc5 19. Bb5 Nfd7 20. Bxc5 Nxc5 21. Bxe8 Rxe8 22. Nb5 Qd7 23. Nc4 Ba6 24. Nxb6 Qb7 25. Nc4 Bxb5 26. axb5 Qxb5 27. Re3 Rb8 28. b3 Nxb3 29. Rb1 a4 30. Nd2 Qd7 31. Nxb3 axb3 32. Rexb3 Rxb3 33. Rxb3 Qxh3 34. Rb8 Qd7 35. Qc6 Qe7 36. Re8 Qxe8 37. Qxe8 g6 38. f4 f6 39. Kf1 1-0